3L
LAS VEGAS FLAMINGOS @ NEW AMSTERDAM DUTCHMEN
09/17/2028
 
TOP OF THE 1ST
Las Vegas Flamingos batting - Pitching for New Amsterdam Dutchmen : LHP Walt Coffman
Pitching: LHP Walt Coffman
Batting: RHB Sake van Arem 0-0: Called Strike
0-1: Ball
1-1: Swinging Strike
1-2: Ball
2-2: DOUBLE (Line Drive, 7LM)
Batting: LHB Ruud van Ineveld 0-0: Ball
1-0: Ball
2-0: Ground out 4-3 (Groundball, 4M)
Sake van Arem to third
Batting: RHB Xavier Hernández 0-0: Called Strike
0-1: Ball
1-1: Ball
2-1: Called Strike
2-2: 2-RUN HOME RUN (Flyball, 7D), Distance : 379 ft
Batting: LHB Chris McKinney 0-0: Called Strike
0-1: Foul Ball, location: 2F
0-2: Foul Ball, location: 2F
0-2: Foul Ball, location: 2F
0-2: Ball
1-2: Foul Ball, location: 2F
1-2: Fly out, F3 (Popup, 3L)
Batting: LHB Victor Adams 0-0: Ball
1-0: Ball
2-0: Swinging Strike
2-1: Ball
3-1: Foul Ball, location: 2F
3-2: Strikes out swinging
Top of the 1st over - 2 run(s), 2 hit(s), 0 error(s), 0 left on base; Las Vegas 2 - New Amsterdam 0
BOTTOM OF THE 1ST
New Amsterdam Dutchmen batting - Pitching for Las Vegas Flamingos : RHP Cris Herrera
Pitching: RHP Cris Herrera
Batting: RHB Jon Osterman 0-0: Fly out, F9 (Flyball, 8RM)
Batting: RHB Enrique Morales 0-0: Ball
1-0: Swinging Strike
1-1: Ball
2-1: Called Strike
2-2: Ball
3-2: Foul Ball, location: 2F
3-2: Strikes out swinging
Batting: LHB Félix López 0-0: Ball
1-0: Ball
2-0: Ground out 4-3 (Groundball, 4)
Bottom of the 1st over - 0 run(s), 0 hit(s), 0 error(s), 0 left on base; Las Vegas 2 - New Amsterdam 0
TOP OF THE 2ND
Las Vegas Flamingos batting - Pitching for New Amsterdam Dutchmen : LHP Walt Coffman
Batting: LHB José Alonso 0-0: Ground out U3 (Groundball, 3L)
Batting: RHB Rodney Usry 0-0: Ball
1-0: Ball
2-0: Ball
3-0: Called Strike
3-1: Swinging Strike
3-2: Foul Ball, location: 2F
3-2: Base on Balls
Batting: SHB Kunimichi Chikafuji 0-0: Ball
Rodney Usry is caught stealing 2nd base
1-0: Called Strike
1-1: SINGLE (Groundball, 56D)
Batting: RHB Pepe Castroneves 0-0: Called Strike
0-1: Ball
1-1: Foul Ball, location: 2F
1-2: Strikes out swinging
Top of the 2nd over - 0 run(s), 1 hit(s), 0 error(s), 1 left on base; Las Vegas 2 - New Amsterdam 0
BOTTOM OF THE 2ND
New Amsterdam Dutchmen batting - Pitching for Las Vegas Flamingos : RHP Cris Herrera
Batting: RHB Hank Wilder 0-0: Ball
1-0: Called Strike
1-1: Foul Ball, location: 2F
1-2: Ball
2-2: SOLO HOME RUN (Flyball, 78XD), Distance : 415 ft
Batting: LHB SaQwan Hackett 0-0: Called Strike
0-1: Called Strike
0-2: Strikes out swinging
Batting: RHB António Pérez 0-0: Ball
1-0: Foul Ball, location: 2F
1-1: Ball
2-1: Foul Ball, location: 2F
2-2: Foul Ball, location: 2F
2-2: Fly out, F3 (Popup, 3D)
Batting: LHB Eric Ward 0-0: Ball
1-0: Ball
2-0: Foul Ball, location: 2F
2-1: Ball
3-1: Called Strike
3-2: Base on Balls
Batting: RHB John Burton 0-0: Ball
1-0: Ground out 6-3 (Groundball, 6M)
Bottom of the 2nd over - 1 run(s), 1 hit(s), 0 error(s), 1 left on base; Las Vegas 2 - New Amsterdam 1
TOP OF THE 3RD
Las Vegas Flamingos batting - Pitching for New Amsterdam Dutchmen : LHP Walt Coffman
Batting: RHB Sake van Arem 0-0: Ball
1-0: Called Strike
1-1: Ball
2-1: Called Strike
2-2: Ground out 4-3 (Groundball, 4MD)
Batting: LHB Ruud van Ineveld 0-0: Called Strike
0-1: Foul Ball, location: 2F
0-2: Ground out 1-3 (Groundball, 13)
Batting: RHB Xavier Hernández 0-0: Ball
1-0: Called Strike
1-1: Ball
2-1: Foul Ball, location: 2F
2-2: Ball
3-2: Strikes out swinging
Top of the 3rd over - 0 run(s), 0 hit(s), 0 error(s), 0 left on base; Las Vegas 2 - New Amsterdam 1
BOTTOM OF THE 3RD
New Amsterdam Dutchmen batting - Pitching for Las Vegas Flamingos : RHP Cris Herrera
Batting: RHB Mario Rivera 0-0: Ball
1-0: Foul Ball, location: 2F
1-1: Ball
2-1: Ball
3-1: Ground out 5-3 (Groundball, 56)
Batting: RHB Jon Osterman 0-0: Called Strike
0-1: Called Strike
0-2: Ball
1-2: SINGLE (Line Drive, 56D)
Batting: RHB Enrique Morales 0-0: Grounds into double play, 5-4-3 (Groundball, 5L)
Bottom of the 3rd over - 0 run(s), 1 hit(s), 0 error(s), 0 left on base; Las Vegas 2 - New Amsterdam 1
TOP OF THE 4TH
Las Vegas Flamingos batting - Pitching for New Amsterdam Dutchmen : LHP Walt Coffman
Batting: LHB Chris McKinney 0-0: Ground out 6-3 (Groundball, 4)
Batting: LHB Victor Adams 0-0: Ball
1-0: Ball
2-0: Called Strike
2-1: Foul Ball, location: 2F
2-2: Foul Ball, location: 2F
2-2: Foul Ball, location: 2F
2-2: Strikes out swinging
Batting: LHB José Alonso 0-0: Called Strike
0-1: Ball
1-1: Foul Ball, location: 2F
1-2: Strikes out looking
Top of the 4th over - 0 run(s), 0 hit(s), 0 error(s), 0 left on base; Las Vegas 2 - New Amsterdam 1
BOTTOM OF THE 4TH
New Amsterdam Dutchmen batting - Pitching for Las Vegas Flamingos : RHP Cris Herrera
Batting: LHB Félix López 0-0: Ball
1-0: Swinging Strike
1-1: Ball
2-1: Ground out U3 (Groundball, 34)
Batting: RHB Hank Wilder 0-0: Foul Ball, location: 2F
0-1: Ground out 6-3 (Groundball, 6)
Batting: LHB SaQwan Hackett 0-0: Called Strike
0-1: Called Strike
0-2: Foul Ball, location: 2F
0-2: Ball
1-2: Ball
2-2: DOUBLE (Groundball, 3L)
Batting: RHB António Pérez 0-0: Fly out, F8 (Line Drive, 8RM)
Bottom of the 4th over - 0 run(s), 1 hit(s), 0 error(s), 1 left on base; Las Vegas 2 - New Amsterdam 1
TOP OF THE 5TH
Las Vegas Flamingos batting - Pitching for New Amsterdam Dutchmen : LHP Walt Coffman
Batting: RHB Rodney Usry 0-0: Swinging Strike
0-1: Ball
1-1: Foul Ball, location: 2F
1-2: Ball
2-2: Ball
3-2: Foul Ball, location: 2F
3-2: Strikes out looking
Batting: SHB Kunimichi Chikafuji 0-0: Ball
1-0: Called Strike
1-1: Ball
2-1: Foul Ball, location: 2F
2-2: Foul Ball, location: 2F
2-2: Ball
3-2: Foul Ball, location: 2F
3-2: Ground out U3 (Groundball, 34D)
Batting: RHB Pepe Castroneves 0-0: Called Strike
0-1: Fly out, F7 (Flyball, 78M)
Top of the 5th over - 0 run(s), 0 hit(s), 0 error(s), 0 left on base; Las Vegas 2 - New Amsterdam 1
BOTTOM OF THE 5TH
New Amsterdam Dutchmen batting - Pitching for Las Vegas Flamingos : RHP Cris Herrera
Batting: LHB Eric Ward 0-0: Called Strike
0-1: Ball
1-1: Swinging Strike
1-2: Foul Ball, location: 2F
1-2: Ground out 4-3 (Groundball, 4)
Batting: RHB John Burton 0-0: Called Strike
0-1: Ball
1-1: Hit by Pitch
Batting: RHB Mario Rivera 0-0: Ball
John Burton steals 2nd base
1-0: Called Strike
1-1: SINGLE (Line Drive, 4MD)
John Burton to third
Batting: RHB Jon Osterman 0-0: Foul Ball, location: 2F
0-1: Ball
Throwing error on steal attempt, E2
John Burton scores
Mario Rivera to third
1-1: Called Strike
1-2: 2-RUN HOME RUN (Line Drive, 7LD), Distance : 375 ft
Batting: RHB Enrique Morales 0-0: Foul Ball, location: 2F
0-1: Called Strike
0-2: Ball
1-2: Ball
2-2: Ground out 4-3 (Groundball, 6MS)
Batting: LHB Félix López 0-0: Ground out U3 (Groundball, 3)
Bottom of the 5th over - 3 run(s), 2 hit(s), 1 error(s), 0 left on base; Las Vegas 2 - New Amsterdam 4
TOP OF THE 6TH
Las Vegas Flamingos batting - Pitching for New Amsterdam Dutchmen : LHP Walt Coffman
Batting: RHB Sake van Arem 0-0: Called Strike
0-1: Foul Ball, location: 2F
0-2: Ground out 6-3 (Groundball, 6MS)
Batting: LHB Ruud van Ineveld 0-0: Swinging Strike
0-1: SINGLE (Groundball, 4MD)
Batting: RHB Xavier Hernández 0-0: Ball
Ruud van Ineveld steals 2nd base
1-0: Fly out, F8 (Flyball, 8RD)
Runner from 2nd tags up, SAFE at 3rd, no throw
Batting: LHB Chris McKinney 0-0: Foul Ball, location: 2F
0-1: Fly out, F5 (Popup, 15)
Top of the 6th over - 0 run(s), 1 hit(s), 0 error(s), 1 left on base; Las Vegas 2 - New Amsterdam 4
BOTTOM OF THE 6TH
New Amsterdam Dutchmen batting - Pitching for Las Vegas Flamingos : RHP Cris Herrera
Batting: RHB Hank Wilder 0-0: Foul Ball, location: 2F
0-1: Ball
1-1: Foul Ball, location: 2F
1-2: Ball
2-2: Fly out, F8 (Flyball, 8LS)
Batting: LHB SaQwan Hackett 0-0: Foul Ball, location: 2F
0-1: Ball
1-1: Called Strike
1-2: Ball
2-2: Foul Ball, location: 2F
2-2: Ball
3-2: Foul Ball, location: 2F
3-2: Foul Ball, location: 2F
3-2: Base on Balls
Batting: RHB António Pérez 0-0: Grounds into double play, 6-4-3 (Groundball, 6)
Bottom of the 6th over - 0 run(s), 0 hit(s), 0 error(s), 0 left on base; Las Vegas 2 - New Amsterdam 4
TOP OF THE 7TH
Las Vegas Flamingos batting - Pitching for New Amsterdam Dutchmen : LHP Walt Coffman
Batting: LHB Victor Adams 0-0: Ball
1-0: Ball
2-0: Ball
3-0: Called Strike
3-1: Foul Ball, location: 2F
3-2: Foul Ball, location: 2F
3-2: Foul Ball, location: 2F
3-2: Base on Balls
Batting: LHB José Alonso 0-0: Ball
1-0: Called Strike
1-1: Swinging Strike
1-2: Strikes out swinging
Batting: RHB Rodney Usry 0-0: Called Strike
0-1: Fielders Choice at 2nd, 6-4 (Groundball, 6)
Batting: SHB Kunimichi Chikafuji 0-0: Ball
1-0: Called Strike
1-1: Ball
2-1: Foul Ball, location: 2F
2-2: Strikes out looking
Top of the 7th over - 0 run(s), 0 hit(s), 0 error(s), 1 left on base; Las Vegas 2 - New Amsterdam 4
BOTTOM OF THE 7TH
New Amsterdam Dutchmen batting - Pitching for Las Vegas Flamingos : RHP Cris Herrera
Batting: LHB Eric Ward 0-0: Ball
1-0: Called Strike
1-1: Foul Ball, location: 2F
1-2: Ground out 4-3 (Groundball, 4)
Batting: RHB John Burton 0-0: Called Strike
0-1: Swinging Strike
0-2: Ball
1-2: Ground out 6-3 (Groundball, 6)
Batting: RHB Mario Rivera 0-0: Called Strike
0-1: Ball
1-1: Swinging Strike
1-2: Strikes out swinging wild pitch, reaches first!
Pitching: RHP Enrique García
Batting: RHB Jon Osterman 0-0: Fly out, F9 (Flyball, 9LMF)
Bottom of the 7th over - 0 run(s), 0 hit(s), 0 error(s), 1 left on base; Las Vegas 2 - New Amsterdam 4
TOP OF THE 8TH
Las Vegas Flamingos batting - Pitching for New Amsterdam Dutchmen : LHP Walt Coffman
Batting: RHB Pepe Castroneves 0-0: Ball
1-0: Called Strike
1-1: Fly out, F7 (Flyball, 78D)
Batting: RHB Sake van Arem 0-0: Foul Ball, location: 2F
0-1: Foul Ball, location: 2F
0-2: Ball
1-2: DOUBLE (Flyball, 9LM)
Pitching: LHP Frenk Norman
Batting: LHB Ruud van Ineveld 0-0: Called Strike
0-1: Ball
1-1: Called Strike
1-2: Fly out, F3 (Line Drive, 3)
Pitching: RHP Nick Richie
Batting: RHB Xavier Hernández 0-0: Swinging Strike
0-1: Swinging Strike
0-2: Ball
1-2: Strikes out looking
Top of the 8th over - 0 run(s), 1 hit(s), 0 error(s), 1 left on base; Las Vegas 2 - New Amsterdam 4
BOTTOM OF THE 8TH
New Amsterdam Dutchmen batting - Pitching for Las Vegas Flamingos : RHP Enrique García
Batting: RHB Enrique Morales 0-0: Ball
1-0: Ball
2-0: Ball
3-0: Called Strike
3-1: Called Strike
3-2: Foul Ball, location: 2F
3-2: Foul Ball, location: 2F
3-2: Foul Ball, location: 2F
3-2: Strikes out swinging
Batting: LHB Félix López 0-0: Ball
1-0: Fly out, F8 (Flyball, 89D)
Batting: RHB Hank Wilder 0-0: Ball
1-0: DOUBLE (Line Drive, 7LD)
Batting: LHB SaQwan Hackett 0-0: Foul Ball, location: 2F
0-1: Ball
1-1: Ground out 6-3 (Groundball, 6)
Bottom of the 8th over - 0 run(s), 1 hit(s), 0 error(s), 1 left on base; Las Vegas 2 - New Amsterdam 4
TOP OF THE 9TH
Las Vegas Flamingos batting - Pitching for New Amsterdam Dutchmen : RHP Nick Richie
Pitching: LHP António Hernández
Batting: LHB Chris McKinney 0-0: SINGLE (Groundball, 4MD)
Batting: LHB Victor Adams 0-0: Called Strike
0-1: Ball
1-1: Ball
Passed Ball!
Chris McKinney to second
2-1: Fly out, F7 (Flyball, 7LSF)
Pinch Hitting: RHB Jeff Young 0-0: SINGLE (Flyball, 8LS)
Chris McKinney to third
Runner from 3rd tries for Home, SAFE, throw made home
Batting: RHB Rodney Usry 0-0: Called Strike
0-1: SINGLE (Groundball, 56D)
Jeff Young to second
Pinch Runner at 2nd Wilbert Carter:
Batting: SHB Kunimichi Chikafuji 0-0: Ball
1-0: Ball
2-0: Called Strike
2-1: Called Strike
2-2: Foul Ball, location: 2F
2-2: Foul Ball, location: 2F
2-2: Ball
3-2: Fly out, F4 (Line Drive, 4)
Batting: RHB Pepe Castroneves 0-0: Foul Ball, location: 2F
0-1: Ball
1-1: Called Strike
1-2: Fly out, F7 (Flyball, 7)
Top of the 9th over - 1 run(s), 3 hit(s), 0 error(s), 2 left on base; Las Vegas 3 - New Amsterdam 4
Wednesday, September 6th, 2017 - OOTP Baseball 17.12 Build 75